Map: Acropolis LE

Players

Smeeeger

  • Race: Terran Terran
  • League: Platinum
  • Spawn Location: 5:00

A.I. 1 (Harder) - Winner!

  • Race: Terran Terran
  • Spawn Location: 11:00

VOD

Have the link to the VOD?

Description

Time

  • Played on: July 24, 2019, 10:42 p.m.
  • Length: 3:47
Show
View Real Time Build Order
Export as new Build Order

Smeeeger Terran 

Build Orders:  

Get SALT Encoding   

  12  0:01  SCV  
  13  0:13  SCV  
  14  0:19  Supply Depot  
  14  0:26  SCV  
  15  0:40  SCV  
  15  0:41  Barracks  
  16  0:47  Refinery  
  16  0:53  SCV  
  17  1:05  SCV  
  18  1:17  SCV  
  19  1:29  Orbital Command  
  19  1:34  Barracks Reactor  
  19  1:39  Command Center  
  19  1:54  SCV  
  20  2:02  Supply Depot  
  20  2:06  SCV  
  21  2:10  Marine x2  
  23  2:21  Barracks  
  23  2:26  Barracks  
  23  2:28  Marine x2  
  25  2:40  SCV  
  26  2:44  Supply Depot  
  26  2:45  Marine  
  26  2:46  Marine  
  28  2:52  SCV, Orbital Command  
  29  3:03  Marine x2  
  31  3:10  Barracks Tech Lab  
  31  3:17  SCV x2  
  33  3:21  Supply Depot, Marine x2  
  36  3:29  SCV x2  
  36  3:33  Barracks Reactor  
  40  3:45  Supply Depot  
Show
View Real Time Build Order
Export as new Build Order

A.I. 1 (Harder) Terran - Winner!

Build Orders:  

Get SALT Encoding   

  12  0:00  SCV  
  13  0:13  SCV  
  14  0:18  Supply Depot  
  14  0:25  SCV  
  15  0:40  SCV  
  15  0:41  Barracks  
  16  0:47  Refinery  
  16  0:52  SCV  
  17  1:04  SCV  
  18  1:16  SCV  
  19  1:20  Supply Depot  
  19  1:28  SCV  
  19  1:29  Marine  
  21  1:40  Barracks  
  21  1:41  Orbital Command  
  21  1:47  Refinery, Barracks Tech Lab  
  21  2:03  Factory  
  21  2:06  Marine  
  22  2:24  Marauder  
  22  2:26  Marine  
  22  2:28  Supply Depot  
  25  2:44  Marine  
  25  2:46  Marauder  
  28  2:54  Hellion  
  28  2:56  Supply Depot  
  30  3:02  Marine  
  31  3:07  Marine  
  32  3:20  Marine  
  32  3:25  Supply Depot, Marine  
Tags
 
League
Platinum
Matchup
TvT
Race
Terran
Replay Pack
SC2 replays
Spawn Locations
Cross Positions
Add a new tag
Caveats
  • Supply blocks, unpowered buildings, or Contaminate may cause inaccurate times.
  • Supply counts are checked every 10 seconds.